 Dungeon Crawl Stone Soup version 0.25-a0-294-gea9b1ad378 (webtiles) character file.

Game seed: 15071940819383188870, levelgen mode: classic

133 Borgoz the Slasher (level 5, -3/48 HPs)
             Began as a Gargoyle Berserker on Dec 19, 2019.
             Was a Believer of Trog.
             Slain by an iguana (8 damage)
             ... on level 2 of the Dungeon.
             The game lasted 00:01:42 (1666 turns).

Borgoz the Slasher (Gargoyle Berserker)             Turns: 1666, Time: 00:01:42

Health: -3/48      AC:  6    Str: 26    XL:     5   Next: 16%
Magic:  5/5        EV: 12    Int:  7    God:    Trog [**....]
Gold:   46         SH:  0    Dex: 10    Spells: 4/4 levels left

rFire    . . .     SeeInvis .   a - +0 falchion
rCold    . . .     Gourm    .   (no shield)
rNeg     + . .     Faith    .   b - +0 animal skin
rPois    ∞         Spirit   .   (no helmet)
rElec    +         Reflect  .   h - scarf {repulsion}
rCorr    .         Harm     .   (no gloves)
MR       .....                  (no boots)
Stlth    ..........             (no amulet)
HPRegen  0.16/turn              j - ring of stealth
MPRegen  0.09/turn              (no ring)

@: berserking, repel missiles, very quick
A: negative energy resistance 1, electricity resistance, unbreathing,
petrification resistance, rot immunity, AC +4
a: Berserk, Trog's Hand, Renounce Religion


You were on level 2 of the Dungeon.
You worshipped Trog.
Trog was pleased with you.
You were hungry.

You visited 1 branch of the dungeon, and saw 2 of its levels.

You collected 46 gold pieces.

Inventory:

Hand Weapons
 a - a +0 falchion (weapon)
Armour
 b - a +0 animal skin (worn)
 h - a scarf of repulsion (worn)
Jewellery
 j - a ring of stealth (left hand)
 n - an uncursed ring of positive energy {unknown}
Scrolls
 e - 2 scrolls of identify {unknown}
 f - a scroll of noise {unknown}
 i - 2 scrolls of fear {unknown}
 k - 2 scrolls of teleportation {unknown}
 l - a scroll of amnesia {unknown}
 p - a scroll of remove curse {unknown}
Potions
 g - 2 potions of brilliance {unknown}
 m - a potion of might {unknown}
 o - a potion of flight {unknown}
Comestibles
 c - 7 rations


   Skills:
 - Level 3.2 Fighting
 + Level 3.7 Long Blades
 + Level 3.7 Armour
 + Level 2.7 Dodging


You had 4 spell levels left.
You didn't know any spells.
Your spell library was empty.

Dungeon Overview and Level Annotations

Branches:
Dungeon (2/15)

Altars:
Ashenzari
Cheibriados
Makhleb


Innate Abilities, Weirdness & Mutations

You are resistant to torment.
Your stone body is resilient. (AC +4)
You are immune to poison.
You resist negative energy. (rN+)
You are resistant to electric shocks. (rElec)
You can survive without breathing.
You are immune to petrification.
You are immune to rotting.


Message History

A red film seems to cover your vision as you go berserk!
You feel yourself moving faster!
You feel mighty!
You are feeling hungry.
The iguana bites you.
* * * LOW HITPOINT WARNING * * *
You slash the iguana!
The iguana is severely wounded.
The iguana bites you but does no damage.
You barely miss the iguana.
The iguana is severely wounded.
The iguana barely misses you.
You closely miss the iguana.
The iguana is severely wounded.
The iguana closely misses you.
You completely miss the iguana.
The iguana is severely wounded.
You closely miss the iguana.
The iguana is severely wounded.
The iguana bites you!
You die...

#.##########......###..#.#
#. #.##### ######## #..#.#
## #...(.# #..#.# ##
#.....# #..#.####∩ #.....#
#..#..#.._ #.....#
#..####... #.....#
#..#...#.. #.....###
##########..#.##...
#.##....#
#l@.....##..#.##...
#)##.##.#
##.####.##........#
#.##.##.# #.#
#.##.##.##..# #[##.##.#
#.# #.##.#..##..#
#.##.##.# #.#
#...........# #.##.##.#
#.. #.####.##.)..
#.##.##.##########.#
#.##.#.#
#.##.##.#..........#
#.##.#.#
#.#.....#.##########
#.#..#.#


You could see an iguana.

Vanquished Creatures
  A hound (D:2)
  4 gnolls (D:2)
  2 adders (D:2)
  A worm (D:2)
  A dart slug (D:1)
  A leopard gecko (D:2)
  A giant cockroach (D:2)
  4 goblins
  10 hobgoblins
  5 bats
  5 frilled lizards
  7 kobolds
  6 rats
48 creatures vanquished.

Notes
Turn   | Place    | Note
-------+----------+-------------------------------------------
     0 | D:1      | Borgoz the Gargoyle Berserker began the quest for the Orb.
     0 | D:1      | Reached XP level 1. HP: 14/14 MP: 1/1
   132 | D:1      | Reached XP level 2. HP: 18/19 MP: 2/2
   543 | D:2      | Found a shattered altar of Ashenzari.
   583 | D:2      | Reached XP level 3. HP: 23/23 MP: 3/3
   620 | D:2      | Reached ** piety under Trog
   638 | D:2      | HP: 1/23 [adder (4)]
   935 | D:2      | Reached XP level 4. HP: 18/28 MP: 4/4
  1148 | D:2      | Found a burning altar of Makhleb.
  1389 | D:2      | Reached XP level 5. HP: 28/32 MP: 5/5
  1463 | D:2      | Found a snail-covered altar of Cheibriados.
  1666 | D:2      | Slain by an iguana

Levels and vault maps discovered:
D:1:      ncdulo_halloftheorcs, layout_rooms
D:2:      layout_basic, cheibriados_altar_1, evilmike_ruin_ashenzari,
          kennysheep_nondescript, makhleb_heckhound_becter

Skill      XL: |  1  2  3 |
---------------+----------+-----
Long Blades    | 3 |  3.7
Dodging        | 2 |  2.7
Armour         | 3 |  3.7
Fighting       | |  3.2

Action                   |  1- 3 |  4- 6 || total
-------------------------+-------+-------++-------
Melee: Falchion          |   110 |    36 ||   146
Invok: Berserk           |     1 |     2 ||     3
  Use: Potion            |     1 |       ||     1
 Stab: Sleeping          |     2 |     1 ||     3
  Eat: Chunk             |     1 |     4 ||     5
Armor: Animal skin       |    60 |    11 ||    71
Dodge: Dodged            |    77 |    20 ||    97
       Rpst.: Falchion   |    18 |     9 ||    27

Table legend:
 A = Non-vault XP
 B = Vault XP
 C = Vault XP percentage of total XP
 D = Non-vault monster count
 E = Vault monster count
 F = Vault count percentage of total count
                 A         B        C        D         E       F
            +---------+---------+-------+---------+---------+-------
      Total |     150 |      40 |  21.1 |      47 |       1 |   2.1
            +---------+---------+-------+---------+---------+-------
        D:1 |      26 |       0 |   0.0 |      18 |       0 |   0.0
        D:2 |     124 |      40 |  24.4 |      29 |       1 |   3.3
            +---------+---------+-------+---------+---------+-------
